 Dungeon Crawl Stone Soup version 0.29.1-12-g30fa7ad0bf (webtiles) character file.

Game seed: 9547965432600897339

35 croobank the Conjurer (level 3, -2/25 HPs)
             Began as a Demonspawn Conjurer on Dec 28, 2022.
             Killed by nerve-wracking pain
             ... invoked by an orc priest
              (8 damage)
             ... on level 2 of the Dungeon.
             The game lasted 00:05:42 (2055 turns).

croobank the Conjurer (Demonspawn Conjurer)         Turns: 2055, Time: 00:05:43

Health: -2/25      AC:  7    Str:  4 (7)  XL:     3   Next: 17%
Magic:  0/6        EV: 12    Int: 19 (21) God:
Gold:   65         SH:  0    Dex:  9 (11) Spells: 3/6 levels left

rFire   . . .      SeeInvis .   e - +0 dagger
rCold   . . .      Faith    .   (no shield)
rNeg    . . .      Spirit   .   a - +0 robe
rPois   .          Reflect  .   (no helmet)
rElec   .          Harm     .   h - +1 cloak
rCorr   .          Rampage  .   (no gloves)
Will    .....                   g - +0 pair of boots
Stlth   ++........              c - amulet of the acrobat
HPRegen 0.08/turn               (no ring)
MPRegen 0.10/turn               (no ring)

@: no status effects
A: slimy green scales 1
a: no special abilities


You were on level 2 of the Dungeon.
You visited 1 branch of the dungeon, and saw 2 of its levels.

You collected 65 gold pieces.

Inventory:

Hand Weapons
 e - a +0 dagger (weapon)
 l - a +0 falchion
 m - a +0 short sword
Missiles
 f - 2 boomerangs
Armour
 a - a +0 robe (worn)
 g - a +0 pair of boots (worn)
 h - a +1 cloak (worn)
Jewellery
 c - an amulet of the acrobat (around neck)
Scrolls
 d - a scroll of noise {unknown}
 j - a scroll of identify {unknown}
Potions
 i - a potion of berserk rage {unknown}
 k - a potion of attraction


   Skills:
 + Level 0.4 Fighting
 - Level 2.2 Dodging
 - Level 2.2 Stealth
 - Level 2.3 Spellcasting
 - Level 4.2 Conjurations
 + Level 0.4 Transmutations


You had 3 spell levels left.
You knew the following spells:

 Your Spells              Type           Power      Damage    Failure   Level
a - Magic Dart            Conj           72%        1d6       3%          1
b - Searing Ray           Conj           36%        2d5       4%          2

Your spell library contained the following spells:

 Spells                   Type           Power      Damage    Failure   Level
 Beastly Appendage        Tmut           6%         N/A       14%         1
 Wereblood                Tmut           3%         N/A       21%         2
 Dazzling Flash           Conj/Hex       20%        N/A       21%         3
 Spider Form              Tmut/Pois      3%         N/A       41%         3
 Fulminant Prism          Conj/Hex       5%         3d7       56%         4
 Iskenderun's Mystic Bla  Conj/Tloc      10%        2d4       56%         4


Dungeon Overview and Level Annotations

Branches:
Dungeon (2/15)

Altars:


Innate Abilities, Weirdness & Mutations

You are partially covered in slimy green scales. (AC +2)


Message History

Pain shoots through your body!
You hit the orc priest.
The orc priest is almost dead.
The orc priest closely misses you.
You hit the orc priest but do no damage.
The orc priest is almost dead.
The orc priest hits you with a +0 short sword.
You closely miss the orc priest.
The orc priest is almost dead.
The orc priest misses you.
You completely miss the orc priest.
The orc priest is almost dead.
The orc priest misses you.
Casting: Magic Dart (safe; 3% risk of failure)
Confirm with . or Enter, or press ? or * to list all spells.
Okay, then.
Casting: Magic Dart (safe; 3% risk of failure)
Confirm with . or Enter, or press ? or * to list all spells.
Aiming: Magic Dart (safe; 3% risk of failure)
Press: ? - help, Shift-Dir - straight line, f/p - orc priest
Aim: an orc priest, wielding a +0 short sword and wearing a +0 leather armour (almost dead, 100% to hit)
The magic dart hits the orc priest but does no damage.
The orc priest is almost dead.
The orc priest hits you with a +0 short sword.
You feel better.
The orc priest calls down the wrath of Beogh upon you.
Beogh smites you!
Ouch! That really hurt!
* * * LOW HITPOINT WARNING * * *
You closely miss the orc priest.
The orc priest is almost dead.
The orc priest misses you.
You hit the orc priest but do no damage.
The orc priest is almost dead.
The orc priest hits you but does no damage.
You barely miss the orc priest.
The orc priest is almost dead.
The orc priest calls down the wrath of Beogh upon you.
Pain shoots through your body!
You die...

#.####...o...... #
#..............###
..##.##...####.......^.
#.........# .....#
.....##...# #$..#
##.####..## #!..# #
#...)## #...# #....o#
#...#
.......#@#######...######
..###.###.................
....##.................
####.###.............)..
#†# ########...####.# #.#
#...# # #.# #...# #.####
#...####.# #####....## ##
#.........


You could see an orc priest.

Vanquished Creatures
  2 dart slugs (D:2)
  2 orcs
  2 ball pythons (D:2)
  3 endoplasms
  A giant cockroach (D:1)
  4 goblins
  2 hobgoblins (D:1)
  2 quokkas (D:1)
  A bat (D:1)
  3 frilled lizards (D:1)
  3 kobolds
  2 rats (D:1)
27 creatures vanquished.

Notes
Turn   | Place    | Note
-------+----------+-------------------------------------------
     0 | D:1      | croobank the Demonspawn Conjurer began the quest for the
                  | Orb.
     0 | D:1      | Reached XP level 1. HP: 13/13 MP: 3/3
    41 | D:1      | Found a faded altar of an unknown god.
   312 | D:1      | Gained mutation: You are partially covered in slimy green
                  | scales. (AC +2) [demonic ancestry]
   312 | D:1      | Reached XP level 2. HP: 19/19 MP: 5/5
   337 | D:1      | Learned a level 2 spell: Searing Ray
  1656 | D:2      | Reached XP level 3. HP: 24/24 MP: 3/6
  2055 | D:2      | Killed from afar by an orc priest

Illustrated notes

Levels and vault maps discovered:
D:1:      grunt_arrival_lava_bath, layout_rooms, shapermc_ecumenical_altar_venn,
          grunt_decor_fettered, chequers_avenue
D:2:      layout_loops_cross, uniq_sigmund

Skill      XL: |  1 |
---------------+----+-----
Stealth        | 2 |  2.2
Dodging        | 2 |  2.2
Fighting       | |  0.4
Spellcasting   | |  2.3
Conjurations   | |  4.2
Transmutations | |  0.4

Action                   || total
-------------------------++-------
Melee: Unarmed           ||     8
       Dagger            ||    32
 Cast: Magic Dart        ||    18
       Searing Ray       ||    13
  Use: Potion            ||     6
       Scroll            ||     2
 Stab: Sleeping          ||     5
Armor: Robe              ||    16
Dodge: Dodged            ||    38
